 Dungeon Crawl Stone Soup version 0.27.1-34-g3ba077fa99 (webtiles) character file.

Game seed: 7880054439782044043

1731 unlimited1921 the Covered (level 8, -6/71 HPs)
             Began as a Minotaur Fighter on Jan 3, 2022.
             Was an Initiate of Gozag.
             Mangled by an ogre (23 damage)
             ... on level 6 of the Dungeon.
             The game lasted 00:25:11 (6322 turns).

unlimited1921 the Covered (Minotaur Fighter)        Turns: 6322, Time: 00:25:11

Health: -6/71      AC:  9    Str: 23    XL:     8   Next: 76%
Magic:  7/7        EV: 25    Int:  5    God:    Gozag
Gold:   276        SH:  0    Dex: 10    Spells: 7/7 levels left

rFire    . . .     SeeInvis .   v - +0 arbalest
rCold    . . .     Faith    .   (shield currently unavailable)
rNeg     . . .     Spirit   .   b - +0 scale mail
rPois    .         Reflect  .   (helmet restricted)
rElec    .         Harm     .   (no cloak)
rCorr    .         Rampage  .   (no gloves)
Will     .....                  o - +0 pair of boots
Stlth    ..........             E - amulet of the acrobat
HPRegen  0.21/turn              (no ring)
MPRegen  0.10/turn              (no ring)

@: acrobatic, slowed, very slow
A: horns 2, retaliatory headbutt
a: Renounce Religion, Potion Petition, Call Merchant, Bribe Branch


You were on level 6 of the Dungeon.
You worshipped Gozag.
Gozag was aware of your devotion.
You visited 2 branches of the dungeon, and saw 7 of its levels.

You collected 458 gold pieces.
You spent 95 gold pieces at shops.
You paid 87 gold pieces to Gozag.

Inventory:

Hand Weapons
 a - a +1 war axe of flaming
 f - a +0 short sword
 h - a +0 trident
 n - a +0 antimagic spear
 v - a +0 arbalest (weapon)
 x - a +2 whip of flaming
Missiles
 k - 33 bolts (quivered ammo)
 s - 9 boomerangs
 z - 15 poisoned darts
Armour
 b - a +0 scale mail (worn)
 c - a +3 kite shield
 o - a +0 pair of boots (worn)
 y - a +0 plate armour
Jewellery
 r - a ring of ice
 E - an amulet of the acrobat (around neck)
Wands
 p - a wand of digging (4)
 C - a wand of acid (4) (quivered)
 D - a wand of flame (26)
Scrolls
 i - 2 scrolls of vulnerability
 j - a scroll of immolation
 l - 5 scrolls of teleportation
 t - a scroll of magic mapping
 u - a scroll of identify
 B - a scroll of enchant weapon
 F - a scroll of fear {unknown}
Potions
 d - 4 potions of might
 e - a potion of magic {unknown}
 g - 4 potions of degeneration {unknown}
 m - a potion of berserk rage {unknown}
 q - a potion of attraction {unknown}
 w - a potion of curing
 A - a potion of brilliance


   Skills:
 * Level 6.5 Fighting
 + Level 6.2 Axes
 * Level 5.7 Crossbows
 + Level 7.4 Armour
 + Level 2.2 Dodging
 + Level 0.4 Stealth
 + Level 6.1 Shields


You had 7 spell levels left.
You didn't know any spells.
Your spell library contained the following spells:

 Spells                   Type           Power      Damage    Failure   Level
 Animate Skeleton         Necr           0%         N/A       77%         1
 Pain                     Necr           0%         1d4       77%         1
 Vampiric Draining        Necr           0%         2d6       98%         3
 Agony                    Necr           0%         N/A       100%        5
 Excruciating Wounds      Necr           0%         N/A       100%        5


Dungeon Overview and Level Annotations

Branches:
Dungeon (7/15)             Temple (1/1) D:7

Altars:
Fedhas
Gozag
Makhleb
Okawaru
Ru
Sif Muna
Wu Jian

Shops:
D:3 ?


Innate Abilities, Weirdness & Mutations

You have a pair of horns on your head.
You reflexively headbutt those who attack you in melee.


Message History

The puff of flame hits the kobold brigand.
You kill the kobold brigand!
You feel extremely sick.
* * * LOW HITPOINT WARNING * * *
You feel very sick.
Unknown command.
* * * LOW HITPOINT WARNING * * *
You feel very sick.
The kobold throws a poisoned dart.
The poisoned dart barely misses you.
Aiming: Throw Flame
Press: ? - help, Q - select action, (/) - cycle Shift-Dir - straight line, f - kobold
Aim: a kobold, wielding a +0 rapier and quivering poisoned darts (60% to hit)
Okay, then.
Aiming: Corrosive Bolt
Press: ? - help, Q - select action, (/) - cycle Shift-Dir - straight line, f - kobold
Aim: a kobold, wielding a +0 rapier and quivering poisoned darts (64% to hit)
The bolt of acid hits the kobold!
The kobold is splashed with acid.
The acid corrodes the kobold!
You kill the kobold!
* * * LOW HITPOINT WARNING * * *
You feel very sick.
Aiming: Corrosive Bolt
Press: ? - help, Q - select action, (/) - cycle Shift-Dir - straight line, f - kobold
Aim: a kobold, wielding a +0 club (64% to hit)
The bolt of acid misses the kobold.
* * * LOW HITPOINT WARNING * * *
You feel very sick.
An ogre comes into view. It is wielding a +0 giant spiked club.
It was a potion of curing.
You feel better.
The kobold is distracted by your dazzling golden aura.
You are too injured to fight recklessly!
You are too injured to fight recklessly!
Aiming: Corrosive Bolt
Press: ? - help, Q - select action, (/) - cycle Shift-Dir - straight line, f/p - kobold
Aim: a kobold, wielding a +0 club (wandering, hasn't noticed you, 64% to hit)
The bolt of acid hits the kobold!
The kobold is splashed with acid.
You kill the kobold!
The ogre hits you with a +0 giant spiked club!!
You die...
Your body crumbles into a pile of gold.

#O..$.#.....≈≈≈≈P.♣ ..#
#.###.#..#..≈≈≈≈.P_ ..#
#.# #.#...#.≈≈≈≈♣). ...#
###$###........≈≈≈≈.<
#######...#
#....O.........≈≈≈≈≈≈
#.........#
###.###.........≈≈≈≈≈
#.......#
#..........##..≈≈≈≈
#.[.....#
#..O..###..###...≈≈
#.......# ##@##.#
#.###...... ........#
#.##.# #........##
...######
#.##.###.###.#..# ...#
###### #...............#
...#
#....####...............#
...#
#....'...........###....#
...#
#....##########.........#
...# #....# ##..#.....#
...# #####.## #..#.....#


You could see an ogre.

Vanquished Creatures
  Pikel (D:7)
  A water moccasin (D:6)
  2 ice beasts
  A lemure (D:7)
  A kobold brigand (D:6)
  Blork the orc (D:4)
  A bullfrog (D:7)
  5 wights (D:7)
  A howler monkey (D:7)
  2 hounds
  2 jellies
  2 orc priests
  2 centaur skeletons
  Natasha (thrice) (D:4)
  3 orc wizards (D:7)
  A killer bee zombie (D:6)
  A hound skeleton (D:4)
  3 adders (D:2)
  A shadow imp (D:7)
  An adder skeleton (D:4)
  3 dart slugs
  17 orcs
  5 bats
  6 endoplasms
  2 giant cockroaches
  5 goblins
  6 hobgoblins
  8 jackals
  10 kobolds
  5 quokkas
  5 ball pythons
  3 frilled lizards
  2 rats (D:1)
112 creatures vanquished.

Vanquished Creatures (others)
  4 plants (D:6)
4 creatures vanquished.

Grand Total: 116 creatures vanquished

Notes
Turn   | Place    | Note
-------+----------+-------------------------------------------
     0 | D:1      | unlimited1921 the Minotaur Fighter began the quest for the
                  | Orb.
     0 | D:1      | Reached XP level 1. HP: 19/19 MP: 0/0
   185 | D:1      | Reached XP level 2. HP: 15/27 MP: 1/1
   516 | D:1      | Found a faded altar of an unknown god.
   841 | D:1      | Reached skill level 4 in Armour
  1022 | D:2      | Reached XP level 3. HP: 32/33 MP: 2/2
  2016 | D:2      | Reached XP level 4. HP: 40/40 MP: 3/3
  3104 | D:3      | Noticed an ice beast
  3113 | D:3      | Killed an ice beast
  3114 | D:3      | Reached skill level 1 in Dodging
  3114 | D:3      | Reached XP level 5. HP: 47/47 MP: 4/4
  3138 | D:3      | Found Exalukk's Magic Scroll Boutique.
  3187 | D:3      | Bought a scroll of identify for 20 gold pieces
  3187 | D:3      | Bought a scroll of enchant armour for 75 gold pieces
  3219 | D:3      | Found a sacrificial altar of Ru.
  3409 | D:4      | Noticed Blork the orc
  3413 | D:4      | Killed Blork the orc
  3414 | D:4      | Reached skill level 5 in Armour
  3414 | D:4      | Reached XP level 6. HP: 47/53 MP: 5/5
  3491 | D:4      | Reached skill level 5 in Shields
  3672 | D:4      | Noticed Natasha
  3688 | D:4      | Killed Natasha
  3690 | D:4      | Noticed Natasha
  3692 | D:4      | Reached skill level 5 in Axes
  3720 | D:4      | Killed Natasha
  3721 | D:4      | Reached skill level 5 in Fighting
  4010 | D:4      | Noticed Natasha
  4135 | D:4      | Killed Natasha
  4321 | D:4      | You fall into a shaft and drop 3 floors!
  4383 | D:7      | Found a staircase to the Ecumenical Temple.
  4417 | Temple   | Entered the Ecumenical Temple
  4498 | Temple   | Became a worshipper of Gozag Ym Sagoz the Greedy
  4724 | D:7      | Noticed Pikel
  4726 | D:7      | Killed Pikel
  4727 | D:7      | Reached skill level 6 in Armour
  4727 | D:7      | Reached XP level 7. HP: 60/62 MP: 6/6
  4924 | D:7      | Reached skill level 1 in Crossbows
  5179 | D:7      | Reached XP level 8. HP: 64/70 MP: 7/7
  5185 | D:7      | Reached skill level 7 in Armour
  6122 | D:6      | Reached skill level 5 in Crossbows
  6199 | D:6      | Found a blossoming altar of Fedhas.
  6322 | D:6      | Mangled by an ogre

Illustrated notes

Levels and vault maps discovered:
D:1:      matt_arrival_spirals, layout_basic,
          hellmonk_ecumenical_altar_lost_god, minmay_tromino_i4
D:2:      layout_basic
D:3:      layout_basic, nicolae_ru_path_of_blood, serial_shops,
          nicolae_diamond_shop
D:4:      layout_cave_pools, mainiacjoe_overflow_surrounded_room,
          hangedman_abyss_or_decor_stabs, uniq_blork_the_orc, uniq_natasha
D:6:      layout_basic, fedhas_ov_isle_minmay, lemuel_doored_altar, uniq_maggie
D:7:      layout_layer_cave, minmay_temple_entry_offerings, uniq_pikel
Temple:   nicolae_temple_figure_zero

Skill      XL: |  1  2  3  4  5  6  7  8 |
---------------+-------------------------+-----
Shields        | 4 5 6 |  6.1
Armour         | 4 5 6 7 |  7.4
Fighting       | 4 5 6 |  6.5
Axes           | 3 4 6 |  6.2
Dodging        | 1 2 |  2.2
Crossbows      | 1 5 |  5.7
Stealth        | |  0.4

Action                   |  1- 3 |  4- 6 |  7- 9 || total
-------------------------+-------+-------+-------++-------
Melee: War axe           |    67 |   105 |       ||   172
       Headbutt          |     9 |    13 |       ||    22
       Arbalest          |       |       |     1 ||     1
 Fire: Arbalest          |       |     7 |    66 ||    73
Evoke: Wand              |       |       |     4 ||     4
  Use: Scroll            |     3 |     7 |     2 ||    12
       Potion            |       |       |     1 ||     1
Armor: Scale mail        |    50 |    53 |    27 ||   130
Dodge: Dodged            |    27 |    26 |    31 ||    84
Block: Kite shield       |    54 |    75 |       ||   129
